 Dungeon Crawl Stone Soup version 0.24-a0-342-gad4687c (webtiles) character file.

Game seed: 3527566935353603012

291 CanOfBees the Slasher (level 6, -1/40 HPs)
             Began as a Tengu Monk on May 21, 2019.
             Killed from afar by an orc wizard (8 damage)
             ... with a magic dart
             ... on level 4 of the Dungeon.
             The game lasted 00:05:20 (3930 turns).

CanOfBees the Slasher (Tengu Monk)                  Turns: 3930, Time: 00:05:20

Health: -1/40      AC:  3    Str: 14    XL:     6   Next: 32%
Magic:  7/7        EV: 17    Int:  6    God:
Gold:   101        SH:  0    Dex: 16    Spells: 5/5 levels left

rFire    . . .     SeeInvis .   a - +0 long sword
rCold    . . .     Gourm    .   (no shield)
rNeg     . . .     Faith    .   b - +0 robe
rPois    .         Spirit   .   (helmet restricted)
rElec    .         Reflect  .   (no cloak)
rCorr    .         Harm     .   r - +0 pair of gloves
MR       .....                  (boots unavailable)
Stlth    ++........             (no amulet)
HPRegen  0.13/turn              g - -4 ring of intelligence (curse)
MPRegen  0.10/turn              (no ring)

@: flying quickly and evasively, quick
A: beak, talons 3, able to fly
a: Stop Flying


You were on level 4 of the Dungeon.
You were not hungry.

You visited 1 branch of the dungeon, and saw 4 of its levels.

You collected 101 gold pieces.

Inventory:

Hand Weapons
 a - a +0 long sword (weapon)
Missiles
 e - 129 stones (quivered)
 i - 67 arrows
 n - 18 bolts
 q - 14 poisoned darts
 s - a throwing net
Armour
 b - a +0 robe (worn)
 r - a +0 pair of gloves (worn)
Jewellery
 g - a cursed -4 ring of intelligence (left hand)
Scrolls
 d - a scroll of noise
 h - a scroll of identify
 p - a scroll of amnesia
Potions
 f - 3 potions of might
 j - a potion of haste {unknown}
 k - a potion of flight
 m - a potion of heal wounds {unknown}
 o - a potion of curing
Comestibles
 c - 4 rations


   Skills:
 + Level 5.1 Fighting
 + Level 5.5 Long Blades
 - Level 4.0 Dodging
 - Level 2.0 Stealth


You had 5 spell levels left.
You didn't know any spells.
Your spell library was empty.

Dungeon Overview and Level Annotations

Branches:
Dungeon (4/15)
 Temple: D:4-7

Altars:
Uskayaw

Annotations:
D:3 2 transporters, thaho's ghost, amateur HOFi


Innate Abilities, Weirdness & Mutations

You have a beak for a mouth.
You have claws for feet.
You can fly continuously.


Message History

Your base attributes are Str 13, Int 10, Dex 16.
Increase (S)trength, (I)ntelligence, or (D)exterity?
You feel stronger.
You hear some strange, mumbled words.
A puff of flame appears from out of thin air!
The puff of flame hits you.
You closely miss something. You claw something. Something hits you.
You hit something. The orc completely misses you.
You riposte.
You hit the orc. You claw the orc.
You kill the orc!
You hear some strange, mumbled words.
A puff of flame appears from out of thin air!
The puff of flame hits you!
* * * LOW HITPOINT WARNING * * *
An orc comes into view. It is wielding a +0 morningstar.
Things that are here:
a +0 short sword; an orc corpse A magic dart appears from out of thin air!
The magic dart hits you!
You die...

. )# ###. #.o #.
#.# #.##.# ..
#.##.# #.# #.##.#
.. #.##@# #.##
#.##)#
###..#####.##.#
.............#
###..####.######
#..........>.....
#.##.####.#######
#.##..# #.#
#.###.# #.#


You could see an orc (wandering).

Vanquished Creatures
  A phantom (D:4)
  A hound (D:4)
  2 orc wizards (D:3)
  7 adders
  A dart slug (D:1)
  9 orcs
  A ball python (D:1)
  3 giant cockroaches
  3 goblins
  3 hobgoblins
  3 jackals (D:1)
  A quokka (D:3)
  3 bats
  3 frilled lizards
  4 kobolds
  5 rats
50 creatures vanquished.

Notes
Turn   | Place    | Note
-------+----------+-------------------------------------------
     0 | D:1      | CanOfBees the Tengu Monk began the quest for the Orb.
     0 | D:1      | Reached XP level 1. HP: 14/14 MP: 2/2
   155 | D:1      | Reached XP level 2. HP: 19/19 MP: 3/3
   768 | D:2      | Reached XP level 3. HP: 6/23 MP: 4/4
  1236 | D:2      | Found a hide-covered altar of Uskayaw.
  1309 | D:2      | Found a hide-covered altar of Uskayaw.
  2024 | D:3      | Noticed a centaur
  2029 | D:3      | Noticed thaho's ghost (amateur HOFi)
  2033 | D:3      | Found a transporter.
  2319 | D:3      | Reached XP level 4. HP: 10/29 MP: 5/5
  2836 | D:3      | Gained mutation: You can fly continuously. [Tengu growth]
  2836 | D:3      | Reached XP level 5. HP: 33/33 MP: 6/6
  3100 | D:3      | Found a transporter.
  3889 | D:4      | Reached skill level 5 in Long Blades
  3903 | D:4      | Noticed a phantom
  3924 | D:4      | Killed a phantom
  3924 | D:4      | Reached skill level 5 in Fighting
  3924 | D:4      | Reached XP level 6. HP: 24/40 MP: 7/7
  3930 | D:4      | Killed from afar by an orc wizard

Levels and vault maps discovered:
D:1:      mrwooster_arrival_statue_2, layout_rooms, hangedman_decor_slide_cut
D:2:      layout_basic, marbit_many_paths, lemuel_altar_in_water
D:3:      layout_loops_ring, gammafunk_ghost_arena, solitary_fountain
D:4:      layout_basic, first_ration, chequers_serial_rivers_micro_d

Skill      XL: |  1  2  3  4  5 |
---------------+----------------+-----
Long Blades    | 4 5 |  5.5
Dodging        | 4 |  4.0
Fighting       | 4 5 |  5.1
Stealth        | |  2.0

Action                   |  1- 3 |  4- 6 || total
-------------------------+-------+-------++-------
Melee: Falchion          |    46 |       ||    46
       Kick              |    21 |    15 ||    36
       Peck              |     8 |    12 ||    20
       Long sword        |    18 |    53 ||    71
Throw: Stone             |    30 |    16 ||    46
 Abil: Fly               |       |     1 ||     1
  Use: Scroll            |     7 |     1 ||     8
       Potion            |     1 |       ||     1
 Stab: Sleeping          |     3 |     1 ||     4
       Distracted        |     1 |       ||     1
  Eat: Chunk             |     4 |     5 ||     9
Armor: Robe              |    16 |     3 ||    19
Dodge: Dodged            |    53 |    39 ||    92
       Rpst.: Falchion   |     9 |       ||     9
       Long sword        |     5 |     9 ||    14

Table legend:
 A = Non-vault XP
 B = Vault XP
 C = Vault XP percentage of total XP
 D = Non-vault monster count
 E = Vault monster count
 F = Vault count percentage of total count
                 A         B        C        D         E       F
            +---------+---------+-------+---------+---------+-------
      Total |     414 |       2 |   0.5 |      49 |       1 |   2.0
            +---------+---------+-------+---------+---------+-------
        D:1 |      23 |       0 |   0.0 |      13 |       0 |   0.0
        D:2 |      26 |       2 |   7.1 |      10 |       1 |   9.1
        D:3 |     196 |       0 |   0.0 |      23 |       0 |   0.0
        D:4 |     169 |       0 |   0.0 |       3 |       0 |   0.0
            +---------+---------+-------+---------+---------+-------
